 Dungeon Crawl Stone Soup version 0.31.0-12-g77e489cdc1 (webtiles) character file.

Game seed: 17871177314375668663

10343 Marvel the Severer (level 11, -1/86 (91) HPs)
             Began as a Hill Orc Monk on Feb 13, 2024.
             Was a High Priest of Ru.
             Slain by Snorg (2 damage)
             ... while petrified by Jorgrun
             ... on level 12 of the Dungeon.
             The game lasted 00:23:58 (12706 turns).

Marvel the Severer (Hill Orc Monk)                 Turns: 12706, Time: 00:23:58

HP:   -1/86 (91)    AC: 15    Str: 18 (19) XL:     11   Next: 60%
MP:   3/3           EV:  2    Int:  9 (10) God:    Ru [*****.]
Gold: 600           SH:  0    Dex: 10 (13) Spells: 10/10 levels left

rFire   . . .        G - +1 hand axe (antimagic)
rCold   . . .        d - orb {light}
rNeg    + + +        u - +1 scale mail {rPois}
rPois   ∞            i - +1 helmet
rElec   .            (no cloak)
rCorr   .            C - +0 pair of gloves
SInv    .            h - +0 pair of boots
Will    .....        (no amulet) Stlth
                     q - ring of willpower
HPRegen 0.34/turn    (no ring)
MPRegen 0.08/turn

%: no passive effects
@: petrified, weak-willed, glowing, drained
A: frail 1, inability to drink after injury 2, inability to train dodging, no
conjurations magic, no fire magic, no alchemy magic, low MP 1
a: Renounce Religion, Draw Out Power, Power Leap, Apocalypse


You were on level 12 of the Dungeon.
You worshipped Ru.
Ru was extremely pleased with you.
You visited 1 branch of the dungeon, and saw 13 of its levels.

You collected 650 gold pieces.
You spent 50 gold pieces at shops.

Inventory:

Hand Weapons
 a - a +0 hand axe
 G - a +1 antimagic hand axe (weapon)
 R - a +2 sling of freezing
Missiles
 y - 24 poisoned darts (quivered)
 F - 2 darts of dispersal
 L - 12 boomerangs
Armour
 d - an orb of light (worn)
 h - a +0 pair of boots (worn)
 i - a +1 helmet (worn)
 r - a +2 leather armour of cold resistance
 u - a +1 scale mail of poison resistance (worn)
 C - a +0 pair of gloves (worn)
Jewellery
 q - a ring of willpower (left hand)
 A - a ring of wizardry
 J - a +6 ring of intelligence
 N - a ring of resist corrosion
 S - a ring of ice
Talismans
 E - a talisman of death
Wands
 s - a wand of flame (17)
 x - a wand of roots (28)
 D - a wand of polymorph (17)
 K - a wand of paralysis (12)
 M - a wand of quicksilver (7)
Scrolls
 b - a scroll of fear {unknown}
 g - 3 scrolls of enchant weapon {unknown}
 j - a scroll of silence {unknown}
 l - 2 scrolls of revelation {unknown}
 m - 9 scrolls of identify
 o - a scroll of acquirement {unknown}
 p - a scroll of fog {unknown}
 w - a scroll of amnesia
 B - 2 scrolls of torment {unknown}
 H - a scroll of poison
 O - a scroll of enchant armour {unknown}
 P - a scroll of blinking
Potions
 c - 3 potions of ambrosia
 k - a potion of degeneration
 z - a potion of mutation
 I - 3 potions of curing
 Q - a potion of lignification {unknown}
 T - a potion of might
Miscellaneous
 v - a phantom mirror


   Skills:
 + Level 11.3 Fighting
 + Level 15.6 Axes
 + Level 1.6 Throwing
 + Level 10.9 Armour


You had 10 spell levels left.
You didn't know any spells.
Your spell library contained the following spells:

 Spells                   Type           Power      Damage    Failure   Level
 Necrotise                Necr           0%         1d4       71%         1
 Jinxbite                 Hex            0%         N/A       83%         2
 Sublimation of Blood     Necr           0%         N/A       83%         2
 Vampiric Draining        Necr           0%         2d6       97%         3
 Dispel Undead            Necr           0%         3d6       100%        4
 Martyr's Knell           Necr/Summ      0%         N/A       100%        4
 Curse of Agony           Necr           0%         N/A       100%        5
 Death Channel            Necr           0%         N/A       100%        6
 Enfeeble                 Hex            0%         N/A       100%        7
 Cigotuvi's Dreadful Rot  Necr/Alch/Air  Unusable   N/A       N/A         2
 Petrify                  Alch/Erth      Unusable   N/A       N/A         4
 Irradiate                Conj/Alch      Unusable   3d11      N/A         5
 Yara's Violent Unravell  Hex/Alch       Unusable   3d3       N/A         5

Dungeon Overview and Level Annotations

Branches:
Dungeon (13/15)            Temple (0/1) D:6
   Lair: D:8-11         Orc: D:9-12      Vaults: D:13-14

Altars:
Cheibriados
Gozag
Nemelex Xobeh
Qazlal
Ru
Trog
Uskayaw
Xom
Yredelemnul

Shops:
D:1 *   D:2 !

Annotations:
D:12 Jorgrun, Snorg


Innate Abilities, Weirdness & Mutations

You are frail. (-10% HP)
You sometimes lose the ability to drink potions when taking damage.
You cannot train Dodging skill.
You cannot study or cast Conjurations magic.
You cannot study or cast Fire magic.
You cannot study or cast Alchemy magic.
Your magical capacity is low. (-10% MP)


Message History

Snorg is engulfed in poison gas.
Snorg looks even sicker.
The vampire mosquito bites you.
Jorgrun looks as sick as possible!
Jorgrun hits you but does no damage.
The gargoyle hurls a stone arrow at you.
The stone arrow hits you!!
* * * LOW HITPOINT WARNING * * *
The vampire mosquito bites you.
* * * LOW HITPOINT WARNING * * *
Snorg is engulfed in poison gas.
Snorg looks as sick as possible!
The vampire mosquito bites you but does no damage.
Jorgrun is engulfed in poison gas.
Jorgrun looks as sick as possible!
Jorgrun hits you from afar with a +0 glaive.
* * * LOW HITPOINT WARNING * * *
The gargoyle hurls a stone arrow at you.
The stone arrow hits you.
* * * LOW HITPOINT WARNING * * *
The vampire mosquito bites you.
* * * LOW HITPOINT WARNING * * *
Snorg is engulfed in poison gas.
Snorg looks as sick as possible!
You feel less exhausted.
You redirect the vampire mosquito's attack!
The vampire mosquito misses Jorgrun.
Jorgrun is engulfed in poison gas.
Jorgrun looks as sick as possible!
Jorgrun hits you from afar with a +0 glaive!
* * * LOW HITPOINT WARNING * * *
The gargoyle hits you but does no damage.
The vampire mosquito bites you but does no damage.
Snorg is engulfed in poison gas.
Snorg looks as sick as possible!
Snorg goes berserk!
Jorgrun is engulfed in poison gas.
Jorgrun looks as sick as possible!
Jorgrun points next to you and mumbles some strange words.
The wall shatters!
The blast of rock fragments hits you.
The vampire mosquito bites you but does no damage.
The gargoyle hurls a stone arrow at you.
The stone arrow hits you!
* * * LOW HITPOINT WARNING * * *
You focus your inner power and illuminate the gargoyle in retribution!
Snorg is engulfed in poison gas.
Snorg looks as sick as possible!
Snorg bites you.
You die...

☼§§○§§☼§☼§☼°○°.
.☼§○§°°§§§§§§§.#
..°○☼§§§§§§☼○☼.#
...○°☼°§○§○§§○.+
..☼§§☼○§☼§§§.##
.§§§§§§○○§...
#9§○☼§§§§...
#@yg☼§.☼§,
#☼T§○☼○°#
#§§☼§§§○#
#§§§°§°○#
..§☼#######
....§# ....§§#
...○○☼# ..y..##


You could see Jorgrun (extremely poisoned, weak-willed), Snorg (berserk,
extremely poisoned), a vampire mosquito (blind, unable to see you, weak-willed)
and a gargoyle (weak-willed, corona).

Vanquished Creatures
  Fannar (D:11)
  2 two-headed ogres (D:8)
  A deep elf pyromancer (D:9)
  Pikel (D:5)
  A cyclops (D:10)
  2 kobold demonologists (D:11)
  2 trolls (D:11)
  A hornet (D:11)
  2 slime creatures (D:12)
  A shadow (D:7)
  4 yaks (D:11)
  Eustachio (D:4)
  3 steam dragons
  Menkaure (D:6)
  2 acid dragons
  2 water moccasins
  3 orc warriors
  2 sky beasts (D:7)
  3 black bears
  An ice beast (D:6)
  3 ogres
  3 centaurs
  A weeping skull (D:8)
  A phantom (D:5)
  5 bullfrogs
  2 kobold brigands
  2 gnoll sergeants
  2 scorpions (D:6)
  5 wights (D:8)
  7 killer bees
  3 howler monkeys
  A bombardier beetle (D:6)
  A gnoll bouda (D:6)
  2 jellies
  5 orc priests
  4 hounds
  Terence (D:3)
  2 iguanas
  13 orc wizards
  Robin (D:4)
  15 gnolls
  6 adders
  3 shadow imps
  A white imp (D:6)
  2 ufetubi (D:6)
  5 dart slugs (D:1)
  2 ribbon worms
  39 orcs
  2 endoplasms (D:1)
  A giant cockroach (D:1)
  10 goblins
  11 hobgoblins
  10 kobolds
  3 quokkas
  6 ball pythons
  4 bats
  A frilled lizard (D:1)
  2 rats
  A spectral orc (D:8)
224 creatures vanquished.

Vanquished Creatures (others)
  A wraith (D:10)
  An orc warrior (D:6)
  A centaur (D:8)
  A kobold brigand (D:11)
  2 gnolls (D:8)
  2 orcs
  2 kobolds (D:10)
10 creatures vanquished.

Grand Total: 234 creatures vanquished

Notes
Turn   | Place    | Note
-------+----------+-------------------------------------------
     0 | D:1      | Marvel the Hill Orc Monk began the quest for the Orb.
     0 | D:1      | Reached XP level 1. HP: 19/19 MP: 1/1
    66 | D:1      | Reached XP level 2. HP: 27/27 MP: 2/2
   397 | D:1      | Reached XP level 3. HP: 33/33 MP: 3/3
   453 | D:1      | Reached skill level 5 in Axes
   775 | D:1      | Found Ywneettuco's General Store.
   810 | D:1      | Bought a scroll of identify for 20 gold pieces
   810 | D:1      | Bought a scroll of teleportation for 30 gold pieces
   913 | D:2      | Found Ycygetuch's Distillery.
  2027 | D:3      | Reached XP level 4. HP: 2/41 MP: 4/4
  2195 | D:3      | Found a sacrificial altar of Ru.
  2229 | D:3      | Noticed a black bear
  2247 | D:3      | Killed a black bear
  2248 | D:3      | Reached skill level 5 in Fighting
  2248 | D:3      | Reached skill level 6 in Axes
  2248 | D:3      | Reached XP level 5. HP: 10/48 MP: 5/5
  2422 | D:3      | Became a worshipper of Ru the Awakened
  2425 | D:3      | Gained mutation: You are frail. (-10% HP) [Ru sacrifice]
  2425 | D:3      | Reached * piety under Ru
  2478 | D:3      | Reached skill level 7 in Axes
  2705 | D:3      | Noticed Terence
  2717 | D:3      | Killed Terence
  2718 | D:3      | Reached XP level 6. HP: 37/50 MP: 6/6
  2784 | D:3      | Found a stormy altar of Qazlal.
  3140 | D:3      | Found an opulent altar of Gozag.
  3250 | D:4      | Reached skill level 1 in Armour
  3578 | D:4      | Noticed Robin
  3593 | D:4      | Killed Robin
  3763 | D:4      | Reached skill level 8 in Axes
  3805 | D:4      | Noticed Eustachio
  3817 | D:4      | Killed Eustachio
  3818 | D:4      | Reached XP level 7. HP: 55/55 MP: 7/7
  4334 | D:5      | Entered Level 5 of the Dungeon
  4497 | D:5      | Gained mutation: You occasionally lose the ability to drink
                  | potions when taking damage. [Ru sacrifice]
  4497 | D:5      | Gained mutation: You sometimes lose the ability to drink
                  | potions when taking damage. [Ru sacrifice]
  4497 | D:5      | Reached ** piety under Ru
  4497 | D:5      | Reached *** piety under Ru
  4523 | D:5      | Reached skill level 9 in Axes
  4996 | D:5      | Noticed Pikel
  5059 | D:5      | Killed Pikel
  5060 | D:5      | Reached skill level 10 in Axes
  5060 | D:5      | Reached XP level 8. HP: 27/63 MP: 8/8
  5400 | D:6      | Reached skill level 5 in Armour
  5429 | D:6      | Reached skill level 11 in Axes
  5577 | D:6      | Noticed Menkaure
  5589 | D:6      | Killed Menkaure
  5590 | D:6      | Reached XP level 9. HP: 37/71 MP: 3/9
  5771 | D:6      | Found a hide-covered altar of Uskayaw.
  5900 | D:6      | Found a staircase to the Ecumenical Temple.
  6141 | D:6      | Found a sparkling altar of Nemelex Xobeh.
  6463 | D:7      | Reached skill level 12 in Axes
  6640 | D:7      | Found a shimmering altar of Xom.
  6909 | D:7      | Found a snail-covered altar of Cheibriados.
  6958 | D:7      | Reached skill level 13 in Axes
  7041 | D:7      | Found a bloodstained altar of Trog.
  7104 | D:7      | Gained mutation: You cannot study or cast Fire magic. [Ru
                  | sacrifice]
  7104 | D:7      | Gained mutation: You cannot study or cast Alchemy magic.
                  | [Ru sacrifice]
  7104 | D:7      | Gained mutation: You cannot study or cast Conjurations
                  | magic. [Ru sacrifice]
  7104 | D:7      | Reached **** piety under Ru
  7521 | D:8      | Reached XP level 10. HP: 25/80 MP: 3/10
  7688 | D:8      | Noticed a two-headed ogre
  7712 | D:8      | HP: 2/80 [orc warrior/+0 heavy war axe (13)]
  7714 | D:8      | Killed a two-headed ogre
  7874 | D:8      | Reached skill level 14 in Axes
  8018 | D:8      | Noticed a four-headed hydra
  8059 | D:8      | Noticed a two-headed ogre
  8369 | D:8      | Killed a two-headed ogre
  9025 | D:8      | Found a basalt altar of Yredelemnul.
  9294 | D:8      | Reached skill level 1 in Throwing
  9441 | D:8      | Identified the +3 scale mail of the Unicorn {rPois rC+}
  9582 | D:9      | Noticed a deep elf pyromancer
  9595 | D:9      | Killed a deep elf pyromancer
  9632 | D:10     | Entered Level 10 of the Dungeon
  9732 | D:10     | Gained mutation: Your magical capacity is low. (-10% MP)
                  | [potion of mutation]
  9986 | D:10     | Reached skill level 10 in Fighting
  9986 | D:10     | Reached XP level 11. HP: 78/89 MP: 3/9
 10517 | D:10     | Noticed a cyclops
 10527 | D:10     | Killed a cyclops
 10528 | D:10     | Reached skill level 15 in Axes
 10528 | D:10     | Reached skill level 10 in Armour
 10779 | D:11     | Gained mutation: You cannot train Dodging skill. [Ru
                  | sacrifice]
 10779 | D:11     | Reached ***** piety under Ru
 11392 | D:11     | Noticed Fannar
 11428 | D:11     | Killed Fannar
 12199 | D:12     | Noticed a boulder beetle
 12203 | D:12     | Noticed a boulder beetle
 12340 | D:11     | HP: 3/86 [vampire mosquito (8)]
 12657 | D:12     | Noticed Jorgrun
 12657 | D:12     | HP: 4/90 [slime creature (14)]
 12699 | D:12     | Noticed Snorg
 12706 | D:12     | HP: 1/86 [gargoyle/stone arrow (8)]
 12706 | D:12     | Slain by Snorg

Illustrated notes

Levels and vault maps discovered:
D:1:      lightli_arrival_chessboard, layout_basic, serial_shops,
          nicolae_shop_statue_plus
D:2:      layout_loops_corners, serial_shops, nicolae_shop_hallway_plus
D:3:      layout_basic, mainiacjoe_overflow_surrounded_room,
          mainiacjoe_overflow_catch_the_wave, serial_corexii_hall,
          corexii_hall_statues_i, corexii_hall_statues_l, st_stairs_2,
          uniq_terence
D:4:      layout_gridville, uniq_eustachio, uniq_robin
D:5:      layout_loops_cross, nicolae_the_louvre, uniq_pikel
D:6:      black_bear_nest_2, layout_basic,
          nicolae_uskayaw_murder_on_the_dancefloor,
          nemelex_diamond_rough_becter, temple_fountains,
          chequers_serial_rivers_small_a, grunt_decor_mini_mirrors,
          uniq_menkaure
D:7:      layout_rooms, mainiacjoe_overflow_small_starburst, slow_altar_1,
          trog_book, st_stairs_5
D:8:      minmay_clustersquares, layout_rooms,
          yredelemnul_forgotten_temple_becter, bh_walls_and_bars
D:9:      minmay_quarter_circles, layout_basic, kennysheep_little_box,
          lair_entry_dummy
D:10:     layout_irregular_city, enter_bailey_4
D:11:     layout_long_grid, hangedman_abyss_or_decor_clamps, uniq_fannar
D:12:     layout_irregular_city, orc_0_dummy, uniq_jorgrun, uniq_snorg
D:13:     minmay_the_grid_triangle_9x9_rhombus_thin_mashed
          [minmay_the_grid_triangle_9x9_wacky_v,
          minmay_the_grid_triangle_9x9_prize_center,
          minmay_the_grid_triangle_9x9_stretched_checkered,
          minmay_the_grid_triangle_9x9_thin_v], layout_gridville,
          nrook_loot_triangle

Skill      XL: |  1  2  3  4  5  6  7  8  9 10 11 |
---------------+----------------------------------+-----
Fighting       | 4 5 6 7 8 10 11 | 11.3
Axes           | 5 6 7 8 10 11 13 14 15 | 15.6
Armour         | 2 4 5 7 9 10 | 10.9
Throwing       | 1 |  1.6
Dodging        | 0 |  0.0

Action                     |  1- 3 |  4- 6 |  7- 9 | 10-12 || total
---------------------------+-------+-------+-------+-------++-------
  Melee: Hand axe          |    89 |   119 |   399 |   527 ||  1134
  Throw: Dart              |       |       |       |    11 ||    11
 Invoke: Sacrifice Health  |       |     1 |       |       ||     1
         Sacrifice Drink   |       |       |     1 |       ||     1
         Sacrifice Arcana  |       |       |     1 |       ||     1
         Draw Out Power    |       |       |       |     4 ||     4
         Sacrifice Nimblen |       |       |       |     1 ||     1
    Use: Scroll            |       |     2 |       |     5 ||     7
         Potion            |       |       |     4 |     8 ||    12
   Stab: Distracted        |       |     1 |     3 |     4 ||     8
         Invisible         |       |       |       |     6 ||     6
         Paralysed         |       |       |       |     1 ||     1
 Armour: Robe              |    49 |       |       |       ||    49
         Leather armour    |       |    41 |       |       ||    41
         Scale mail        |       |    40 |   227 |   484 ||   751
  Dodge: Dodged            |    33 |    67 |   154 |   217 ||   471
